 Dungeon Crawl Stone Soup version 0.18.1-48-g4cf74bf (webtiles) character file.

81 Galewin the Bolt Thrower (level 4, 0/37 HPs)
             Began as a Centaur Hunter on July 7, 2016.
             Slain by an adder (5 damage)
             ... on level 2 of the Dungeon.
             The game lasted 00:03:12 (1543 turns).

Galewin the Bolt Thrower (Centaur Hunter)           Turns: 1543, Time: 00:03:14

Health: 0/37       AC:  4    Str: 14      XL:     4   Next: 19%
Magic:  4/4        EV:  9    Int:  9 (10) God:
Gold:   79         SH:  0    Dex: 10 (11) Spells: 0 memorised, 3 levels left

rFire  . . .     SeeInvis .     b - +0 short sword
rCold  . . .     Gourm    .     c - +0 leather armour
rNeg   . . .     Faith    .     (no shield)
rPois  .         Spirit   .     (no helmet)
rElec  .         Dismiss  .     (no cloak)
rCorr  .         Reflect  .     (no gloves)
SustAt .         Harm     .     (no barding)
MR     .....                    (no amulet)
Stlth  +.........               (no ring)
                                (no ring)

@: slowed, not resistant to hostile enchantments, very unstealthy
A: hooves 3, deformed body, speed 2, tough skin 3
a: no special abilities


You were on level 2 of the Dungeon.
You were hungry.

You visited 1 branch of the dungeon, and saw 2 of its levels.

You collected 79 gold pieces.

Inventory:

Hand Weapons
 a - a +1 hand crossbow
 b - a +0 short sword (weapon)
Armour
 c - a +0 leather armour (worn)
Jewellery
 e - a +2 ring of protection {unknown}
 k - an uncursed ring of ice {unknown}
Scrolls
 g - a scroll of identify
 l - a scroll of random uselessness {unknown}
 m - 2 scrolls of remove curse {unknown}
 n - a scroll of immolation {unknown}
 o - a scroll of enchant weapon {unknown}
Potions
 i - a potion of mutation {unknown}
 j - a potion of curing
Comestibles
 f - 2 bread rations
 p - a beef jerky


   Skills:
 + Level 2.5 Fighting
 * Level 0.0 Short Blades
 * Level 5.5 Crossbows
 + Level 1.6 Dodging
 + Level 1.3 Stealth


You had 3 spell levels left.
You didn't know any spells.

Dungeon Overview and Level Annotations

Branches:
Dungeon (2/15)

Altars:
Nemelex Xobeh
Ru

Annotations:
D:2 Terence


Innate Abilities, Weirdness & Mutations

You have hooves in place of feet.
Armour fits poorly on your strangely shaped body.
You cover ground very quickly.
You have extremely tough skin (AC +3).


Message History

You feel strangely unstable. Terence hits you but does no damage.
Terence zaps a wand.
You resist with some effort.
There is an open door here.
Your surroundings suddenly seem different.
An adder comes into view.
You are too injured to fight recklessly!
You are too injured to fight recklessly!
You barely miss the adder. The adder bites you but does no damage.
The adder closely misses you.
You closely miss the adder. The adder barely misses you. x2
You completely miss the adder. Your kick misses the adder.
The adder barely misses you. The adder closely misses you.
The adder bites you but does no damage.
You hit the adder. Your kick misses the adder.
The adder is moderately wounded.
The adder barely misses you. The adder closely misses you.
You barely miss the adder. Your kick misses the adder.
The adder is moderately wounded.
The adder bites you.
You die...

#......############.#.#....
#...................#.#.#..
#..............######.#####
#.....########.#....#......
#.....#......#.........####
#.....#.##.#.#.........####
#.....#.#..#.#.........##..
#####.#.#..#.#.........##.#
#.#.#.@#.#.........##..
#.#.#.S#.#......<..'...
#.#.#..#.#.........##..
#.#.#..#.#.........##..
#.#.#..#.#.#....#####..
#.#....#.#.#....# #..
#.#<...#.#.#....#####..
#.######.#.#..).....[..
#........#.#...########


You could see an adder.

Vanquished Creatures
  4 adders (D:2)
  A worm (D:2)
  2 dart slugs
  A giant gecko (D:1)
  3 giant cockroaches
  6 goblins
  7 hobgoblins
  6 kobolds
  A bat (D:2)
  A giant newt (D:1)
  4 rats
36 creatures vanquished.

Notes
Turn   | Place    | Note
--------------------------------------------------------------
     0 | D:1      | Galewin the Centaur Hunter began the quest for the Orb.
     0 | D:1      | Reached XP level 1. HP: 17/17 MP: 1/1
   197 | D:1      | Reached XP level 2. HP: 24/24 MP: 2/2
   470 | D:1      | Reached skill level 5 in Crossbows
   473 | D:1      | Reached skill level 1 in Stealth
   742 | D:2      | Reached XP level 3. HP: 29/29 MP: 3/3
   964 | D:2      | Found a sparkling altar of Nemelex Xobeh.
  1311 | D:2      | Found a sacrificial altar of Ru.
  1313 | D:2      | Reached XP level 4. HP: 37/37 MP: 4/4
  1498 | D:2      | Noticed Terence
  1543 | D:2      | Slain by an adder

Skill      XL: |  1  2 |
---------------+-------+-----
Crossbows      | 5 |  5.5
Stealth        | 1 |  1.3
Fighting       | |  2.5
Dodging        | |  1.6

Action                   |  1- 3 |  4- 6 || total
-------------------------+-------+-------++-------
Melee: Short sword       |       |    28 ||    28
       Kick              |       |     8 ||     8
 Fire: Hand crossbow     |    81 |    16 ||    97
  Use: Potion            |     3 |       ||     3
       Scroll            |       |     2 ||     2
Armor: Leather armour    |     6 |     9 ||    15
Dodge: Dodged            |     7 |    19 ||    26
